 Dungeon Crawl Stone Soup version 0.21-a0-450-gd87a9b2 (webtiles) character file.

18375 Coron the Pacifist (level 12, -6/110 HPs)
             Began as a Deep Dwarf Assassin on Nov 19, 2017.
             Was an Elder of Elyvilon.
             Mangled by a catoblepas (15 damage)
             ... on level 2 of the Lair of Beasts.
             The game lasted 00:57:38 (11661 turns).

Coron the Pacifist (Deep Dwarf Assassin)           Turns: 11661, Time: 00:57:39

Health: -6/110     AC: 26    Str: 22    XL:     12   Next: 27%
Magic:  18/18      EV:  9    Int: 12    God:    Elyvilon [****..]
Gold:   411        SH:  3    Dex: 17    Spells: 11/11 levels left

rFire    + + .     SeeInvis .   x - +3 short sword (freeze)
rCold    + . .     Gourm    .   (no shield)
rNeg     . . .     Faith    .   i - +1 chain mail {rF+}
rPois    +         Spirit   .   L - +2 helmet
rElec    .         Reflect  +   d - +2 cloak
rCorr    .         Harm     .   W - +2 pair of gloves {Dex+3}
MR       ++...                  E - +0 pair of boots
Stlth    ++........             R - +3 amulet of reflection
HPRegen  0.00/turn              n - ring of protection from cold
MPRegen  0.16/turn              w - ring of poison resistance

@: non-regenerating
A: damage resistance, heal wounds, molten scales 1, fire resistance 1, magic
resistance 1, sense surroundings 2, strong 1, evolution 1, no regeneration
a: Heal Wounds, Lesser Healing, Heal Other, Purification, Greater Healing,
Divine Protection, Renounce Religion


You were on level 2 of the Lair of Beasts.
You worshipped Elyvilon.
Elyvilon was greatly pleased with you.
You were not hungry.

You visited 3 branches of the dungeon, and saw 14 of its levels.
You also visited: Sewer and Volcano.

You collected 796 gold pieces.
You spent 385 gold pieces at shops.

Inventory:

Hand Weapons
 b - a +0 blowgun
 x - a +3 short sword of freezing (weapon)
Missiles
 e - 22 poisoned needles
 f - 2 curare-tipped needles
 D - 6 javelins (quivered)
Armour
 d - a +2 cloak (worn)
 i - a +1 chain mail of fire resistance (worn)
 E - a +0 pair of boots (worn)
 G - a +0 leather armour of fire resistance
 L - a +2 helmet (worn)
 M - a +0 ring mail
 V - the +2 cloak of the Thief {+Fog Slay-2 SInv Stlth+}
   (You found it on level 10 of the Dungeon)

   It affects your accuracy and damage with ranged weapons and melee attacks
   (-2).
   It lets you see invisible.
   It makes you more stealthy.
 W - a +2 pair of gloves of dexterity (worn)
Jewellery
 n - a ring of protection from cold (left hand)
 w - a ring of poison resistance (right hand)
 R - a +3 amulet of reflection (around neck)
 X - an uncursed ring of positive energy
 Y - an uncursed ring of magical power
Wands
 s - a wand of flame (0/48)
 O - a wand of digging (13/24)
 P - a wand of lightning (10/15)
 Z - a wand of flame (26/48)
Scrolls
 m - 3 scrolls of identify
 o - 4 scrolls of remove curse
 u - a scroll of fear
 v - a scroll of magic mapping {unknown}
 y - 2 scrolls of amnesia
 B - 8 scrolls of enchant weapon
 I - a scroll of random uselessness {unknown}
 K - a scroll of immolation
 Q - a scroll of recharging {unknown}
 T - a scroll of enchant armour
Potions
 a - a potion of berserk rage {unknown}
 c - a potion of mutation
 j - a potion of invisibility {unknown}
 k - 3 potions of haste {unknown}
 l - a potion of magic
 p - a potion of agility
 q - a potion of might
 t - 4 potions of brilliance
 z - 3 potions of heal wounds
 A - 2 potions of flight {unknown}
 C - 8 potions of curing
 F - 3 potions of lignification
 J - a potion of ambrosia {unknown}
 S - a potion of degeneration {unknown}
Books
 U - a Young Poisoner's Handbook

   Spells                             Type                      Level
   a - Sting                          Conjuration/Poison           1
   b - Poisonous Vapours              Poison/Air                   2
   c - Mephitic Cloud                 Conjuration/Poison/Air       3
   d - Olgreb's Toxic Radiance        Poison                       4
   e - Venom Bolt                     Conjuration/Poison           5
Comestibles
 g - 11 bread rations
 h - 3 chunks of flesh
 r - 3 meat rations
 H - 19 fruits
 N - 5 royal jellies


   Skills:
 - Level 8.0 Fighting
 - Level 9.0 Short Blades
 - Level 1.8 Throwing
 + Level 10.4 Armour
 - Level 2.0 Dodging
 - Level 12.0 Stealth
 - Level 12.0 Invocations


You had 11 spell levels left.
You didn't know any spells.

Dungeon Overview and Level Annotations

Branches:
Dungeon (11/15)            Temple (1/1) D:5            Lair (2/6) D:10
    Orc (0/2) D:11
  Swamp: Lair:2-4    Shoals: Lair:2-4     Snake: Lair:2-4    Spider: Lair:2-4

Altars:
Ashenzari
Cheibriados
Dithmenos
Elyvilon
Fedhas
Gozag
Hepliaklqana
Kikubaaqudgha
Makhleb
Nemelex Xobeh
Okawaru
Qazlal
Ru
Sif Muna
Trog
Uskayaw
Vehumet
Wu Jian
Xom
Yredelemnul
Zin
The Shining One

Shops:
D:2 *   D:8 }   D:10 [   D:11 [

Annotations:
D:11 Erolcha, Psyche


Innate Abilities, Weirdness & Mutations

You are resistant to damage.
You can heal yourself by infusing magical energy.
You passively map the area around you.
You do not regenerate.
You are partially covered in molten scales. (AC +2)
Your flesh is heat resistant. (rF+)
You are resistant to hostile enchantments. (MR+)
Your muscles are strong. (Str +2)
You evolve.


Message History

You are engulfed in calcifying dust.
The catoblepas gores you but does no damage.
You are engulfed in calcifying dust.
The catoblepas breathes a plume of calcifying dust at you.
The blast of calcifying dust hits you!
You are engulfed in calcifying dust.
The catoblepas gores you but does no damage.
You are engulfed in calcifying dust.
The catoblepas gores you!
* * * LOW HITPOINT WARNING * * *
The catoblepas breathes a plume of calcifying dust at you.
The blast of calcifying dust hits you!
You are engulfed in calcifying dust.
The catoblepas gores you!!
* * * LOW HITPOINT WARNING * * *
You are engulfed in calcifying dust.
The catoblepas gores you!
* * * LOW HITPOINT WARNING * * *
You are engulfed in calcifying dust.
The catoblepas gores you.
You are engulfed in calcifying dust.
The catoblepas gores you.
You turn to flesh and can move again.
The catoblepas gores you!
You die...

#........ .. . ,.... ,,
#..P#.#### .#.* ..#*# *, ,,
#..###.#P###.###..#.#P*,,
#..................... ,
#.....................,.,,
, ##..P.#P###.#...#* #.. ,,
#...#.######...†#####.P.#
##............Y.......... ,
#............@§..........
##...#.#P#.#.###.###(#P..*,
* #...#.#######*##.# ##* ,
* ##..#.####.####.###.#. ,
* ##.....................,
#...................... ,
##..###.#.##.#..##..### ,*
#..##### ###...#### *** *
##...##.######..###### * **


You could see a catoblepas.

Vanquished Creatures
  Harold (Lair:1)
  A hydra (Lair:1)
  A centaur warrior (Volcano)
  3 two-headed ogres
  A hell knight (Volcano)
  An unseen horror (D:10)
  Pikel (D:5)
  A cyclops (D:11)
  A centaur zombie (D:11)
  2 spiny frogs
  A molten gargoyle (Volcano)
  A gargoyle (Volcano)
  A komodo dragon (Lair:1)
  A freezing wraith (D:10)
  A kobold demonologist (D:11)
  2 trolls
  A polar bear (D:11)
  A hornet (D:8)
  A hippogriff (Lair:2)
  A wyvern (D:9)
  A fire bat (Volcano)
  A human (D:7)
  A basilisk (Lair:1)
  15 yaks
  3 hogs (D:7)
  A hungry ghost (D:5)
  3 porcupines (Lair:1)
  5 water moccasins
  A hornet zombie (D:9)
  A meliai simulacrum (D:11)
  6 sky beasts
  A slave (D:5)
  A necrophage (D:7)
  4 orc warriors
  4 phantoms
  6 ogres
  5 centaurs
  4 crocodiles
  A big kobold (Sewer)
  10 bullfrogs
  A gnoll sergeant (D:8)
  3 killer bees
  A howler monkey (D:9)
  8 lava snakes (Volcano)
  6 crimson imps
  5 hounds
  5 orc priests
  3 jellies
  11 orc wizards
  An iguana (D:3)
  9 worker ants
  7 adders
  8 gnolls
  A worker ant zombie (D:5)
  2 river rats
  A shadow imp (D:10)
  A worker ant simulacrum (D:11)
  2 oozes
  An adder skeleton (D:4)
  4 worms
  3 dart slugs
  7 leopard geckos
  28 orcs
  2 ball pythons
  7 giant cockroaches
  13 goblins
  12 hobgoblins
  18 jackals
  A quokka (D:7)
  9 bats
  4 frilled lizards
  A jackal zombie (D:5)
  11 kobolds
  15 rats
  A spectral orc (D:4)
310 creatures vanquished.

Vanquished Creatures (others)
  A fungus (Lair:2)
1 creature vanquished.

Grand Total: 311 creatures vanquished

Notes
Turn   | Place    | Note
-------+----------+-------------------------------------------
     0 | D:1      | Coron the Deep Dwarf Assassin began the quest for the Orb.
     0 | D:1      | Reached XP level 1. HP: 19/19 MP: 1/1
   150 | D:1      | Reached skill level 5 in Stealth
   150 | D:1      | Reached XP level 2. HP: 19/26 MP: 2/2
   317 | D:1      | Reached skill level 1 in Armour
   554 | D:1      | Reached XP level 3. HP: 21/32 MP: 3/3
   812 | D:2      | Found Gozag's Platinum Reserve.
   812 | D:2      | Found an opulent altar of Gozag.
  1284 | D:2      | Reached XP level 4. HP: 31/39 MP: 4/4
  1332 | D:2      | Found an opulent altar of Gozag.
  1453 | D:3      | Found an ancient bone altar of Kikubaaqudgha.
  1801 | D:3      | Found a glowing drain.
  1805 | Sewer    | Entered a sewer
  1891 | Sewer    | Noticed a big kobold
  1905 | Sewer    | Killed a big kobold
  1905 | Sewer    | Reached skill level 5 in Armour
  1905 | Sewer    | Reached XP level 5. HP: 19/45 MP: 5/5
  1948 | Sewer    | Found a white marble altar of Elyvilon.
  1960 | Sewer    | Became a worshipper of Elyvilon the Healer
  2644 | D:4      | Found a shattered altar of Ashenzari.
  2663 | D:4      | Reached XP level 6. HP: 45/52 MP: 5/5
  2995 | D:4      | Reached XP level 7. HP: 28/60 MP: 6/6
  2996 | D:4      | Reached * piety under Elyvilon
  3046 | D:4      | Reached skill level 1 in Invocations
  3200 | D:4      | Found a radiant altar of Vehumet.
  3215 | D:4      | Found a basalt altar of Yredelemnul.
  3844 | D:5      | Entered Level 5 of the Dungeon
  3849 | D:5      | You fall through a shaft for 3 floors!
  3849 | D:8      | Noticed a hornet
  3858 | D:8      | Killed a hornet
  3858 | D:8      | Reached XP level 8. HP: 38/69 MP: 6/8
  3943 | D:8      | Reached skill level 5 in Invocations
  3988 | D:7      | Reached ** piety under Elyvilon
  4430 | D:6      | HP: 2/72 [orc warrior/war axe (11)]
  4669 | D:6      | Reached *** piety under Elyvilon
  4947 | D:5      | Found a staircase to the Ecumenical Temple.
  4949 | D:5      | Found a blossoming altar of Fedhas.
  4955 | D:5      | Noticed Pikel
  4958 | Temple   | Entered the Ecumenical Temple
  5397 | D:5      | Killed Pikel
  5397 | D:5      | Reached skill level 10 in Stealth
  5397 | D:5      | Gained mutation: You passively map the area around you. [Deep Dwarf growth]
  5397 | D:5      | Reached XP level 9. HP: 21/78 MP: 11/11
  5648 | D:5      | Reached **** piety under Elyvilon
  6468 | D:7      | Reached skill level 5 in Fighting
  6704 | D:7      | Found a deep blue altar of Sif Muna.
  6967 | D:8      | Found Ejoinun's Gadget Shoppe.
  7250 | D:8      | Bought a wand of lightning (10/15) for 168 gold pieces
  7592 | D:8      | Reached XP level 10. HP: 70/96 MP: 13/13
  7946 | D:9      | Reached ***** piety under Elyvilon
  8118 | D:9      | Noticed a two-headed ogre
  8134 | D:9      | Killed a two-headed ogre
  8134 | D:9      | Reached skill level 5 in Short Blades
  8159 | D:9      | Found a white marble altar of Elyvilon.
  8161 | D:9      | Found a glowing silver altar of Zin.
  8469 | D:9      | Found an iron altar of Okawaru.
  8469 | D:9      | Found an ornate altar of the Wu Jian Council.
  8471 | D:9      | Found a snail-covered altar of Cheibriados.
  8472 | D:9      | Found a bloodstained altar of Trog.
  8474 | D:9      | Found a burning altar of Makhleb.
  8496 | D:10     | Entered Level 10 of the Dungeon
  8652 | D:10     | Noticed a two-headed ogre
  8656 | D:10     | Killed a two-headed ogre
  8656 | D:10     | Reached skill level 10 in Invocations
  8835 | D:10     | Gained mutation: Your muscles are strong. (Str +2) [mutagenic meat]
  8836 | D:10     | Gained mutation: Scrolls take you a little longer to read. [mutagenic meat]
  8837 | D:10     | Gained mutation: You evolve. [mutagenic meat]
  8864 | D:10     | Found the +2 cloak of the Thief {+Fog Slay-2 SInv Stlth+}
  8882 | D:10     | Lost mutation: Scrolls take you a little longer to read. [potion of mutation]
  8882 | D:10     | Gained mutation: You are resistant to hostile enchantments. (MR+) [potion of mutation]
  8882 | D:10     | Gained mutation: You are partially covered in molten scales. (AC +2) [potion of mutation]
  8899 | D:10     | Found Ruffag's Antique Armour Shoppe.
  8930 | D:10     | Bought a pair of embroidered gloves for 217 gold pieces
  8948 | D:10     | Noticed an unseen horror
  8988 | D:10     | Killed an unseen horror
  9200 | D:10     | Found a staircase to the Lair.
  9244 | D:10     | Reached XP level 11. HP: 63/103 MP: 15/15
  9405 | D:10     | Noticed a two-headed ogre
  9421 | D:10     | Killed a two-headed ogre
  9650 | D:11     | Found a staircase to the Orcish Mines.
  9650 | D:11     | Found Faaloc's Armour Shop.
  9667 | D:11     | Noticed a two-headed ogre
  9824 | D:11     | Noticed a two-headed ogre
  9858 | D:11     | Noticed Psyche
  9860 | D:11     | Noticed Erolcha
  9969 | Lair:1   | Entered Level 1 of the Lair of Beasts
 10332 | Lair:1   | Noticed Harold
 10359 | Lair:1   | Killed Harold
 10400 | Lair:1   | Found a dark tunnel.
 10409 | Volcano  | Entered a volcano
 10739 | Volcano  | Found a radiant altar of Vehumet.
 10739 | Volcano  | Noticed a centaur warrior
 10755 | Volcano  | Killed a centaur warrior
 10788 | Volcano  | Noticed a hell knight
 10790 | Volcano  | Killed a hell knight
 10790 | Volcano  | Reached XP level 12. HP: 75/110 MP: 15/18
 11112 | Lair:1   | Gained mutation: Your flesh is heat resistant. (rF+) [evolution]
 11495 | Lair:2   | Noticed an eight-headed hydra
 11532 | Lair:1   | Killed an eight-headed hydra
 11532 | Lair:1   | Reached skill level 10 in Armour
 11614 | Lair:2   | Noticed a catoblepas
 11661 | Lair:2   | Mangled by a catoblepas

Vault maps used:
D:1:      mrwooster_arrival_statue_3
D:2:      lemuel_doored_altar, nicolae_gozag_zags_fifth_avenue
D:3:      overflow_temple_1_default, gup_sewer_entry_spiral
D:4:      yredelemnul_forgotten_temple_becter, vehumet_crystals,
          ashenzari_altar_1
D:5:      temple_statues, first_bread, fedhas_altar_3, uniq_pikel
D:6:      kennysheep_decorative_pillar
D:7:      grunt_livestock, kennysheep_flooded_box, nicolae_lava_and_water
D:8:      serial_shops, shop
D:9:      minitemple
D:10:     lair_entry_dummy, serial_shops, nicolae_shop_waterfront,
          serial_bayou_lagoon_b
D:11:     orc_david_3, serial_shops, nicolae_shop_stone, serial_ice,
          serial_ice_k, serial_ice_f, serial_ice_o, serial_ice_b,
          portal_ice_cave_entry_ice_beasts, uniq_erolcha, uniq_psyche
Temple:   compressed_dpeg_triangle_lava_temple
Lair:1:   nicolae_volcano_entry_hallway, beast_lair_carwin_3,
          serial_bayou_shore_a, uniq_harold
Lair:2:   serial_bayou_pond_a, lemuel_oklob_altar
Sewer:    sewer_kobolds
Volcano:  volcano_lake

Skill      XL: |  1  2  3  4  5  6  7  8  9 10 11 12 |
---------------+-------------------------------------+-----
Fighting       | 2 3 4 8 |  8.0
Stealth        | 5 8 10 11 12 | 12.0
Short Blades   | 2 5 9 |  9.0
Armour         | 1 3 5 6 7 9 10 | 10.4
Dodging        | 2 |  2.0
Invocations    | 4 7 8 10 12 | 12.0
Throwing       | |  1.8

Action                   |  1- 3 |  4- 6 |  7- 9 | 10-12 || total
-------------------------+-------+-------+-------+-------++-------
Melee: Dagger            |   138 |   128 |       |       ||   266
       Short sword       |       |   107 |   435 |   802 ||  1344
       Hand axe          |       |       |    38 |       ||    38
 Fire: Blowgun           |       |    12 |    14 |    10 ||    36
Invok: Lesser Healing    |       |       |    13 |    76 ||    89
 Abil: Heal Wounds       |     1 |     4 |     7 |       ||    12
Evoke: Wand              |       |       |     7 |       ||     7
  Use: Scroll            |     1 |     4 |     6 |     9 ||    20
       Potion            |       |       |     4 |     9 ||    13
 Stab: Sleeping          |    15 |    16 |    16 |    15 ||    62
       Distracted        |     1 |       |     1 |     1 ||     3
       Petrified         |       |       |       |     1 ||     1
  Eat: Chunk             |     1 |     6 |    14 |    29 ||    50
       Meat ration       |       |       |     1 |       ||     1
       Royal jelly       |       |       |     1 |       ||     1
Armor: Robe              |    39 |    41 |       |       ||    80
       Leather armour    |       |    38 |   110 |    41 ||   189
       Ring mail         |       |       |    62 |   207 ||   269
       Scale mail        |       |       |       |    70 ||    70
       Chain mail        |       |       |       |    95 ||    95
Dodge: Dodged            |    90 |   135 |   241 |   375 ||   841
Block: Other             |       |       |       |    68 ||    68
       Reflection        |       |       |       |     2 ||     2

Table legend:
 A = Spawn XP
 B = Non-spawn XP
 C = Spawn XP percentage of total XP
 D = Spawn monster count
 E = Non-spawn monster count
 F = Spawn count percentage of total count
 G = Total turns spent on level
                    A         B        C        D         E        F      G
               +---------+---------+-------+---------+---------+-------+---------
         Total |       0 |   26250 |   0.0 |       0 |     309 |   0.0 | 11661
               +---------+---------+-------+---------+---------+-------+---------
           D:1 |       0 |      55 |   0.0 |       0 |      31 |   0.0 |   816
           D:2 |       0 |      71 |   0.0 |       0 |      31 |   0.0 |   636
           D:3 |       0 |     128 |   0.0 |       0 |      27 |   0.0 |  1042
           D:4 |       0 |     790 |   0.0 |       0 |      24 |   0.0 |  1152
           D:5 |       0 |    1103 |   0.0 |       0 |      16 |   0.0 |  1006
           D:6 |       0 |     694 |   0.0 |       0 |      16 |   0.0 |   663
           D:7 |       0 |    1738 |   0.0 |       0 |      20 |   0.0 |  1144
           D:8 |       0 |    1177 |   0.0 |       0 |      23 |   0.0 |   928
           D:9 |       0 |    2323 |   0.0 |       0 |      18 |   0.0 |   782
          D:10 |       0 |    4713 |   0.0 |       0 |      30 |   0.0 |  1023
          D:11 |       0 |    2730 |   0.0 |       0 |      13 |   0.0 |   300
        Lair:1 |       0 |    5480 |   0.0 |       0 |      25 |   0.0 |   842
        Lair:2 |       0 |    1533 |   0.0 |       0 |       8 |   0.0 |   302
         Sewer |       0 |     123 |   0.0 |       0 |      10 |   0.0 |   200
       Volcano |       0 |    3592 |   0.0 |       0 |      17 |   0.0 |   524
               +---------+---------+-------+---------+---------+-------+---------
